 Dungeon Crawl Stone Soup version 0.29-a0-416-g83a48905f1 (webtiles) character file.

Game seed: 17572588732107364379

160984 siradein the Warrior (level 18, -15/143 HPs)
             Began as a Djinni Hedge Wizard on May 17, 2022.
             Was the Champion of Makhleb.
             Demolished by an alligator snapping turtle (42 damage)
             ... on level 1 of the Shoals.
             The game lasted 04:33:35 (28999 turns).

siradein the Warrior (Djinni Hedge Wizard)         Turns: 28999, Time: 04:33:36

Health: -15/143    AC: 13    Str:  9    XL:     18   Next: 40%
Gold:   2233       EV: 19    Int: 27    God:    Makhleb [******] SH:  6 Dex: 12

rFire   + + +      SeeInvis +   s - +6 hand axe of Quonaim {vorpal, rElec Int+4}
rCold   + + .      Faith    .   I - +1 buckler {rC+}
rNeg    . . .      Spirit   .   N - +1 leather armour {rC+ rF+}
rPois   ∞          Reflect  .   l - +2 helmet
rElec   +          Harm     .   A - +2 cloak
rCorr   .          Rampage  .   E - +0 pair of gloves
Will    +....      Clarity  +   (boots unavailable)
Stlth   +.........              j - amulet of regeneration
HPRegen 1.13/turn               c - ring of willpower
MPRegen 0.00/turn               P - ring of Lesser Demons {rF+ rC+ MP+9 EV+4 SInv}

@: death channelling, weak-willed, flying, studying Armour
A: sickness immunity, fire resistance 2, cold vulnerability 1, float, innate
caster, HP casting, extra vitality 1, clarity, dopey 1
a: Renounce Religion, Minor Destruction, Lesser Servant of Makhleb, Major
Destruction, Greater Servant of Makhleb


You were on level 1 of the Shoals.
You worshipped Makhleb.
Makhleb was exalted by your worship.
You visited 6 branches of the dungeon, and saw 28 of its levels.
You visited the Abyss 1 time.
You visited 1 bazaar.
You also visited: Ice Cave and Volcano.

You collected 4066 gold pieces.
You spent 1833 gold pieces at shops.

Inventory:

Hand Weapons
 s - the +6 hand axe of Quonaim (weapon) {vorpal, rElec Int+4}
   (You found it on level 12 of the Dungeon)

   It inflicts extra damage upon your enemies.
   Int:       It affects your intelligence (+4).
   rElec:     It insulates you from electricity.
 V - the +5 long sword of the Pill Bug {freeze, rC+ Dex+2}
   (You found it in a volcano)

   It freezes those it strikes, dealing additional cold damage.
   It can also slow down cold-blooded creatures.
   Dex:       It affects your dexterity (+2).
   rC:        It protects you from cold.
Missiles
 k - 734 stones
 R - 5 curare-tipped darts
Armour
 l - a +2 helmet (worn)
 A - a +2 cloak (worn)
 B - the +2 buckler "Cuynk" {rElec}
   (You acquired it on level 5 of the Lair of Beasts)

   rElec:     It insulates you from electricity.
 E - a +0 pair of gloves (worn)
 I - a +1 buckler of cold resistance (worn)
 N - a +1 leather armour of resistance (worn)
Magical Staves
 C - a staff of cold
 D - a staff of fire
Jewellery
 c - a ring of willpower (left hand)
 j - an amulet of regeneration (around neck)
 M - a ring of wizardry
 P - the ring of Lesser Demons (right hand) {rF+ rC+ MP+9 EV+4 SInv}
   (You bought it in a shop on level 2 of the Orcish Mines)

   [ring of evasion]

   EV:        It affects your evasion (+4).
   rF:        It protects you from fire.
   rC:        It protects you from cold.
   MP:        It affects your magic capacity (+9).
   SInv:      It lets you see invisible.
Wands
 b - a wand of iceblast (18)
 i - a wand of paralysis (25)
 r - a wand of flame (93)
 y - a wand of digging (6)
 z - a wand of charming (5)
 O - a wand of mindburst (8)
 T - a wand of polymorph (12)
 U - a wand of acid (5)
Scrolls
 d - 2 scrolls of brand weapon
 e - 5 scrolls of blinking
 g - 7 scrolls of enchant weapon
 h - 2 scrolls of torment
 m - 9 scrolls of teleportation
 n - 3 scrolls of silence {unknown}
 t - 2 scrolls of poison
 u - 2 scrolls of fear
 F - 3 scrolls of noise {unknown}
 G - 4 scrolls of amnesia {unknown}
 S - 3 scrolls of fog
 W - a scroll of immolation {unknown}
 Z - 2 scrolls of magic mapping
Potions
 a - 11 potions of curing
 f - 7 potions of haste
 p - 5 potions of lignification
 v - 11 potions of brilliance
 w - 4 potions of mutation
 H - 2 potions of invisibility
 J - a potion of berserk rage
 K - 3 potions of might
 L - 6 potions of heal wounds
 X - 3 potions of magic {unknown}
 Y - 4 potions of cancellation {unknown}
Miscellaneous
 q - a box of beasts
 x - a phial of floods
 Q - a phantom mirror


   Skills:
 + Level 17.4 Fighting
 - Level 10.0 Armour
 + Level 10.6 Dodging
 - Level 1.5 Stealth
 - Level 5.0 Shields
 + Level 16.4 Spellcasting
 + Level 9.4 Invocations


You had 6 spell levels left.
You knew the following spells:

 Your Spells              Type           Power      Damage    Failure   Level
a - Lightning Bolt        Conj/Air       42%        1d61      1%          5
b - Searing Ray           Conj           100%       2d8       0%          2
c - Death Channel         Necr           42%        N/A       1%          6
d - Slow                  Hex            100%       N/A       0%          1
e - Conjure Flame         Conj/Fire      84%        6-21      0%          3
f - Mephitic Cloud        Conj/Pois/Air  84%        N/A       0%          3
g - Sandblast             Erth           100%       2d20      0%          1
h - Blink                 Tloc           100%       N/A       0%          2
i - Portal Projectile     Hex/Tloc       100%       N/A       0%          3
j - Cause Fear            Hex            42%        N/A       1%          4
k - Animate Armour        Summ/Erth      100%       N/A       1%          4
l - Magic Dart            Conj           100%       1d8       0%          1
m - Call Imp              Summ           84%        N/A       0%          2
n - Iron Shot             Conj/Erth      42%        9d8       1%          6
Your spell library was empty.

Dungeon Overview and Level Annotations

Branches:
Dungeon (15/15)            Temple (1/1) D:6            Lair (6/6) D:11
 Shoals (1/4) Lair:3       Spider (3/4) Lair:4        Slime (0/5) Lair:5
    Orc (2/2) D:11            Elf (0/3) Orc:2        Vaults (0/5) D:14
 Depths (0/4) D:15          IceCv (visited)         Volcano (visited)

Altars:
Ashenzari
Cheibriados
Dithmenos
Elyvilon
Fedhas
Kikubaaqudgha
Makhleb
Nemelex Xobeh
Okawaru
Qazlal
Ru
Sif Muna
Trog
Wu Jian
Xom
Yredelemnul
Zin
The Shining One

Shops:
D:9 !   D:10 [   Orc:1 (   Orc:2 *=?(*

Portals:
Pandemonium: Orc:2

Annotations:
D:15 3 runed translucent doors, Huipt's ghost, journeyman DEFE
Shoals:1 Mlioglotl


Innate Abilities, Weirdness & Mutations

You are immune to sickness and miasma.
You are immune to poison.
Your flesh is very heat resistant. (rF++)
You are vulnerable to cold. (rC-)
You float through the air rather than walking.
You learn spells naturally, not from books.
Your magical power is your life essence.
You have superior vitality. (+4 MHP)
You possess an exceptional clarity of mind.
You are dopey. (Int -2)


Message History

Unknown command.
Unknown command.
Unknown command.
Your spectral sea snake barely misses the merfolk.
Your spectral merfolk hits the water elemental!
Unknown command.
Unknown command.
Unknown command.
What are your orders? t - Shout!
Orders for allies: a - Attack new target. p - Attack previous target. r - Retreat! s - Stop attacking. g - Guard the area. f - Follow me.
Anything else - Cancel.
Gang up on whom?
Press: ? - help, Dir - move target, f/p - merfolk
Aim: a merfolk, wielding a +0 spear (moderately wounded, confused, ally target) Attack!
The faun shoots a sling bullet.
The sling bullet hits your spectral sea snake!!
The merfolk hits your spectral sea snake with a +0 spear!
Your spectral sea snake is destroyed!
Unknown command.
Unknown command.
The faun shoots a sling bullet.
The sling bullet hits you.
* * * LOW HITPOINT WARNING * * *
The merfolk hits your spectral faun with a +0 spear!!
Your spectral faun hits the merfolk!
Your spectral faun drains the merfolk.
Unknown command.
Unknown command.
The faun shoots a sling bullet.
The sling bullet hits you.
* * * LOW HITPOINT WARNING * * *
Your spectral faun hits the merfolk!
Unknown command.
Unknown command.
Unknown command.
Unknown command.
You swap places.
The merfolk hits your spectral faun but does no damage.
The alligator snapping turtle bites you from afar!!!
You die...

..≈.X##....≈≈≈≈≈≈≈≈≈≈≈≈≈≈≈≈≈≈≈
≈≈≈....###≈≈≈≈≈≈≈≈≈≈≈≈≈≈≈≈≈≈≈≈
≈≈†≈≈..##.≈≈≈≈≈≈≈≈≈≈≈≈≈≈)≈≈≈≈≈
≈≈≈≈≈≈....≈c≈≈≈≈≈≈...≈≈≈≈≈≈≈≈≈
≈≈≈≈≈≈.≈≈≈≈≈≈≈≈≈≈....≈≈≈tZ≈≈≈≈
≈≈≈≈≈≈≈≈≈≈≈≈≈≈≈≈.###.≈≈ZZZ≈≈≈≈
≈≈≈≈≈≈≈≈≈≈≈≈≈≈mZ.# ##E≈Z≈≈≈≈≈≈
≈≈≈≈≈≈≈≈.≈≈≈≈≈ZZ.## #..≈))≈≈≈≈
≈≈≈≈≈≈≈≈≈≈≈≈≈≈≈≈@E###...≈.≈.)≈
≈≈≈..≈≈≈≈≈≈≈≈≈≈Z≈..Z.......)≈≈
≈≈≈..≈≈≈≈≈≈≈≈≈≈≈≈.tZ.≈.......[
..≈≈≈≈≈≈≈..P≈≈≈≈≈≈≈≈≈≈...>....
...≈≈≈ .P.≈≈P≈≈≈≈≈.....cc....
...... .....P..≈≈.#...(......
...... ..[....#..###........
.PPP......# #........
..P.......# !......


You could see an alligator snapping turtle, a merfolk (confused, drained, ally
target), a faun, a water elemental, a friendly spectral manticore, a friendly
spectral merfolk, a friendly spectral merfolk impaler and 3 friendly spectral
fauns.

Vanquished Creatures
  Kirke (D:12)
  The ghost of PRIMUS the Warrior, a journeyman HOFi of Beogh (D:14)
  2 orc warlords (Orc:1)
  An entropy weaver (Spider:1)
  Nessos (D:12)
  Snorg (Lair:5)
  A fire dragon (D:15)
  An ettin (Orc:1)
  A spark wasp (Spider:1)
  2 merfolk impalers (Shoals:1)
  10 hydras
  Fannar (D:12)
  4 boulder beetles
  Harold (D:11)
  A catoblepas (Lair:6)
  An ice dragon (D:15)
  A jorogumo (Spider:1)
  7 centaur warriors
  Erica (D:11)
  A radroach (Spider:2)
  5 two-headed ogres
  3 demonspawn (Orc:2)
  An alligator snapping turtle (Shoals:1)
  2 death yaks (Lair:6)
  An alligator (Lair:6)
  2 deep elf knights
  8 orc high priests
  Amaemon (D:9)
  Nergalle (D:10)
  A fire crab (Lair:6)
  The ghost of kairosrom117 the Firebug, a novice DrFE of Vehumet (D:8)
  4 sea snakes
  A bog body (Lair:4)
  Pikel (D:9)
  A lindwurm (Lair:4)
  6 orc knights
  6 deep elf zephyrmancers
  6 deep elf pyromancers
  5 orc sorcerers
  14 ugly things
  13 elephants
  5 wolf spiders
  2 fauns (Shoals:1)
  A manticore (Shoals:1)
  A moth of wrath (Spider:2)
  2 cyclopes
  A merfolk siren (Shoals:1)
  2 ice statues
  A black mamba (Lair:6)
  4 gargoyles
  6 cane toads
  A torpor snail (Spider:2)
  An orange demon (D:9)
  An unseen horror (shapeshifter) (D:15)
  A rime drake (Lair:6)
  2 komodo dragons
  3 kobold demonologists
  3 anaconda simulacra (IceCv)
  2 efreet
  12 ice devils
  3 entropy weaver simulacra
  2 yaktaurs (D:14)
  3 freezing wraiths (IceCv)
  A hellwing (Orc:2)
  6 trolls
  2 meliai
  A polar bear (Lair:6)
  12 tarantellas
  A hornet (D:11)
  5 merfolk (Shoals:1)
  2 blink frogs (Lair:6)
  8 slime creatures
  A snapping turtle (Shoals:1)
  5 dream sheep (Lair:2)
  Sigmund (D:5)
  8 jumping spiders
  7 culicivoras
  39 yaks
  6 shadows
  A dire elephant simulacrum (IceCv)
  A fire elemental (Volcano)
  A wraith (D:11)
  2 wyverns
  A hog (D:12)
  A steam dragon (D:8)
  Grum (D:10)
  5 death yak simulacra (IceCv)
  3 basilisks
  A chaos spawn (Orc:2)
  9 vampire mosquitoes
  A neqoxec (Orc:2)
  4 wargs
  16 redbacks
  2 harpy simulacra
  2 acid dragons
  7 water moccasins
  3 hell hounds (Spider:2)
  Pargi (D:4)
  27 orc warriors
  4 black bears
  6 ogres
  45 wolves
  A boggart (D:14)
  13 centaurs
  2 small abominations (Abyss:3)
  2 phantoms
  4 kobold brigands
  Blork the orc (D:4)
  8 bullfrogs
  A necrophage (D:4)
  2 gnoll sergeants
  5 two-headed ogre simulacra
  3 scorpions
  3 cane toad simulacra (IceCv)
  A hornet simulacrum (D:8)
  14 wights
  9 elephant simulacra
  2 killer bees (Lair:4)
  2 electric eels (Lair:3)
  4 howler monkeys
  A centaur zombie (D:8)
  A gnoll shaman (D:7)
  Crazy Yiuf (D:4)
  16 orc priests
  2 jellies
  3 iguanas
  Ijyb (D:5)
  Natasha (thrice) (D:2)
  12 orc wizards
  2 troll simulacra
  A polar bear simulacrum (IceCv)
  4 wolf simulacra
  A centaur simulacrum (D:8)
  Robin (D:2)
  6 adders
  13 gnolls
  A naga simulacrum (IceCv)
  3 shadow imps
  A white imp (Abyss:3)
  A worm (D:2)
  2 dart slugs
  42 orcs
  2 ball pythons
  7 bats
  3 endoplasms
  A giant cockroach (D:1)
  18 goblins
  8 hobgoblins
  3 quokkas
  6 frilled lizards
  19 kobolds
  6 rats
699 creatures vanquished.

Vanquished Creatures (collateral kills)
  Jorgrun (Spider:2)
  2 emperor scorpions (Spider:1)
  A ghost moth (Spider:1)
  2 entropy weavers (Spider:2)
  Azrael (Spider:2)
  A spark wasp (Spider:1)
  A dire elephant (Lair:6)
  A hydra (Lair:2)
  A centaur warrior (D:13)
  A radroach (Spider:2)
  3 death yaks
  A deep troll shaman (Lair:6)
  A steelbarb worm (Spider:1)
  2 pharaoh ants
  An orb spider (Spider:1)
  A sea snake (Shoals:1)
  A necromancer (IceCv)
  An orc sorcerer (Orc:2)
  2 ugly things (D:14)
  An oklob plant (Lair:6)
  2 wolf spiders
  An orc knight (Orc:1)
  2 cyclopes (D:12)
  2 fauns (Shoals:1)
  2 merfolk sirens
  A black mamba (Lair:4)
  5 elephants
  2 gargoyles (Volcano)
  5 komodo dragons
  5 cane toads
  A demonic crawler (Spider:1)
  2 rime drakes
  3 yaktaurs (D:14)
  2 ice devils
  A polar bear (Lair:4)
  A merfolk (Lair:3)
  A troll (D:12)
  2 meliai (D:13)
  2 blink frogs (Lair:6)
  5 slime creatures
  6 tarantellas
  11 jumping spiders
  A water elemental (Shoals:1)
  7 culicivoras
  15 yaks
  A wraith (D:12)
  3 basilisks
  A fire elemental (Spider:2)
  10 redbacks
  A death yak simulacrum (Lair:4)
  3 wargs
  A steam dragon (Lair:6)
  2 hell hounds (Spider:2)
  5 water moccasins
  10 orc warriors
  2 swamp drakes (Lair:6)
  14 wolves
  4 centaurs
  2 ogres (Orc:1)
  3 bullfrogs
  4 kobold brigands
  2 killer bees (Lair:4)
  A jelly (Lair:5)
  9 orc priests
  5 orc wizards
  A polar bear simulacrum (IceCv)
  A wolf simulacrum (Lair:5)
  A centaur simulacrum (D:8)
  18 orcs
  3 kobolds (D:12)
220 creatures vanquished.

Vanquished Creatures (others)
  4 humans (D:12)
  A water moccasin (Lair:3)
  An orc warrior (Orc:1)
  An orc (D:14)
  59 fungi
  86 plants
  3 starspawn tentacles (Abyss:3)
155 creatures vanquished.

Grand Total: 1074 creatures vanquished

Notes
Turn   | Place    | Note
-------+----------+-------------------------------------------
     0 | D:1      | siradein the Djinni Hedge Wizard began the quest for the
                  | Orb.
     0 | D:1      | Reached XP level 1. HP: 15/15 MP: 0/0
   269 | D:1      | Reached skill level 1 in Fighting
   269 | D:1      | Reached XP level 2. HP: 18/22 MP: 0/0
   508 | D:1      | Found a faded altar of an unknown god.
  1438 | D:2      | Reached XP level 3. HP: 26/27 MP: 0/0
  1438 | D:2      | Learned a level 1 spell: Sandblast
  1708 | D:2      | Noticed Robin
  1722 | D:2      | Killed Robin
  1723 | D:2      | Reached skill level 2 in Fighting
  1809 | D:2      | Noticed Natasha
  1815 | D:2      | Killed Natasha
  1816 | D:2      | Reached XP level 4. HP: 34/34 MP: 0/0
  1853 | D:2      | Noticed Natasha
  1858 | D:2      | Killed Natasha
  1859 | D:2      | Reached XP level 5. HP: 26/40 MP: 0/0
  1859 | D:2      | Learned a level 2 spell: Searing Ray
  1888 | D:2      | Reached skill level 3 in Fighting
  1933 | D:2      | Noticed Natasha
  1940 | D:2      | Killed Natasha
  1994 | D:2      | Found a shimmering altar of Xom.
  2436 | D:3      | Noticed a black bear
  2450 | D:3      | Killed a black bear
  2451 | D:3      | Reached skill level 4 in Fighting
  2451 | D:3      | Reached XP level 6. HP: 38/47 MP: 0/0
  2654 | D:4      | Noticed Pargi
  2693 | D:4      | Killed Pargi
  2694 | D:4      | Reached XP level 7. HP: 21/53 MP: 0/0
  2694 | D:4      | Learned a level 3 spell: Portal Projectile
  2835 | D:4      | Reached skill level 5 in Fighting
  3085 | D:4      | Noticed Blork the orc
  3095 | D:4      | Killed Blork the orc
  3181 | D:4      | Found a runed translucent door.
  3182 | D:4      | Noticed Crazy Yiuf
  3509 | D:4      | Killed Crazy Yiuf
  3611 | D:5      | Entered Level 5 of the Dungeon
  3614 | D:5      | Noticed Sigmund
  3622 | D:5      | Reached skill level 5 in Spellcasting
  3622 | D:5      | Reached XP level 8. HP: 55/61 MP: 0/0
  3645 | D:5      | Killed Sigmund
  3646 | D:5      | Reached skill level 6 in Fighting
  3709 | D:5      | Noticed Ijyb
  3724 | D:5      | Killed Ijyb
  4581 | D:6      | Reached skill level 7 in Fighting
  4634 | D:6      | Reached XP level 9. HP: 63/68 MP: 0/0
  4634 | D:6      | Learned a level 4 spell: Cause Fear
  4688 | D:6      | Found a staircase to the Ecumenical Temple.
  4723 | Temple   | Entered the Ecumenical Temple
  4790 | Temple   | Became a worshipper of Makhleb the Destroyer
  5535 | D:7      | Reached skill level 8 in Fighting
  5746 | D:7      | Reached * piety under Makhleb
  6259 | D:7      | Reached skill level 9 in Fighting
  6457 | D:8      | Found a runed translucent gate.
  6457 | D:8      | Found a runed translucent gate.
  6458 | D:8      | Found a runed translucent gate.
  6581 | D:8      | Noticed a boulder beetle
  6587 | D:8      | Reached XP level 10. HP: 78/78 MP: 0/0
  7221 | D:8      | Killed a boulder beetle
  7222 | D:8      | Reached skill level 10 in Fighting
  7600 | D:8      | Noticed kairosrom117's ghost (novice DrFE)
  7780 | D:9      | Found Leonar's Distillery.
  7788 | D:9      | Bought a potion of berserk rage for 60 gold pieces
  7788 | D:9      | Bought a potion of might for 48 gold pieces
  7788 | D:9      | Bought a potion of heal wounds for 60 gold pieces
  7833 | D:9      | Noticed Pikel
  7863 | D:9      | Killed Pikel
  8031 | D:9      | Noticed Amaemon
  8031 | D:9      | Noticed an orange demon
  8048 | D:9      | Killed Amaemon
  8121 | D:9      | Killed an orange demon
  8122 | D:9      | Reached skill level 11 in Fighting
  8122 | D:9      | Reached XP level 11. HP: 87/87 MP: 0/0
  8122 | D:9      | Learned a level 4 spell: Animate Armour
  8615 | D:10     | Entered Level 10 of the Dungeon
  8617 | D:10     | Noticed Grum
  8664 | D:10     | Killed Grum
  8718 | D:10     | Noticed Nergalle
  8880 | D:10     | Killed Nergalle
  8957 | D:10     | Found a runed translucent door.
  9008 | D:10     | Reached ** piety under Makhleb
  9153 | D:10     | Found a runed translucent door.
  9209 | D:10     | Reached skill level 12 in Fighting
  9337 | D:10     | Found a runed translucent door.
  9395 | D:10     | Found a faded altar of an unknown god.
  9401 | D:10     | Found a faded altar of an unknown god.
  9403 | D:10     | Found a broken altar of Ashenzari.
  9405 | D:10     | Found a stormy altar of Qazlal.
  9554 | D:10     | Found a runed translucent door.
  9619 | D:10     | Found Safy's Armour Shoppe.
  9912 | D:10     | Reached skill level 10 in Spellcasting
  9940 | D:11     | Noticed Harold
  9957 | D:11     | Killed Harold
 10080 | D:11     | Reached XP level 12. HP: 93/96 MP: 0/0
 10132 | D:11     | Noticed Erica
 10149 | D:11     | Killed Erica
 10222 | D:11     | Noticed a four-headed hydra
 10231 | D:11     | Reached skill level 13 in Fighting
 10235 | D:11     | Killed a four-headed hydra
 10333 | D:11     | Reached *** piety under Makhleb
 10512 | D:11     | Found a staircase to the Orcish Mines.
 10672 | D:11     | Found a staircase to the Lair.
 11055 | D:11     | Noticed a two-headed ogre
 11075 | D:11     | Killed a two-headed ogre
 11333 | D:11     | Noticed a two-headed ogre
 11367 | D:11     | Killed a two-headed ogre
 11368 | D:11     | Reached skill level 14 in Fighting
 11507 | Lair:1   | Entered Level 1 of the Lair of Beasts
 11577 | Lair:1   | Identified the +1 robe of Disguise {Int+8}
 11602 | Lair:1   | Reached **** piety under Makhleb
 11867 | Lair:1   | Reached XP level 13. HP: 92/106 MP: 0/0
 11867 | Lair:1   | Learned a level 5 spell: Lightning Bolt
 11963 | Lair:1   | Found a sparkling altar of Nemelex Xobeh.
 12433 | Lair:2   | Found a dark tunnel.
 12438 | Volcano  | Entered a volcano
 12550 | Volcano  | Identified the +5 long sword of the Pill Bug {freeze, rC+
                  | Dex+2}
 13243 | Lair:2   | Noticed a five-headed hydra
 13260 | Lair:2   | Killed a five-headed hydra
 13261 | Lair:2   | Reached skill level 15 in Fighting
 13467 | Lair:2   | Noticed a four-headed hydra
 13476 | Lair:2   | Killed a four-headed hydra
 13665 | Lair:2   | Found a shadowy altar of Dithmenos.
 15004 | Lair:3   | Reached ***** piety under Makhleb
 15118 | Lair:3   | Found a staircase to the Shoals.
 15223 | Lair:4   | Noticed a five-headed hydra
 15231 | Lair:4   | Killed a five-headed hydra
 15277 | Lair:4   | Reached XP level 14. HP: 45/114 MP: 0/0
 16070 | Lair:4   | Found a hole to the Spider Nest.
 16465 | D:8      | Killed kairosrom117's ghost
 16515 | D:8      | Identified 3 scrolls of acquirement
 16644 | Lair:5   | Acquired the +2 buckler "Cuynk" {rElec}
 16764 | Lair:5   | Found a frozen archway.
 16780 | IceCv    | Entered an ice cave
 16957 | IceCv    | Reached skill level 15 in Spellcasting
 17208 | IceCv    | Reached ****** piety under Makhleb
 17240 | IceCv    | Reached skill level 1 in Invocations
 17262 | IceCv    | Reached skill level 1 in Armour
 17262 | IceCv    | Reached skill level 1 in Shields
 17858 | Lair:5   | Found a staircase to the Slime Pits.
 17928 | Lair:5   | Reached XP level 15. HP: 120/120 MP: 0/0
 17928 | Lair:5   | Learned a level 6 spell: Death Channel
 17966 | Lair:5   | Noticed Snorg
 17985 | Lair:5   | Killed Snorg
 18576 | Lair:6   | Entered Level 6 of the Lair of Beasts
 19309 | Lair:6   | Reached skill level 5 in Dodging
 19687 | Lair:6   | Identified the +8 whip "Gikkecw" {elec, Will+ rCorr Str-4}
 20255 | D:12     | Noticed Fannar
 20282 | D:12     | Killed Fannar
 20421 | D:12     | Noticed Kirke
 20428 | D:12     | Killed Kirke
 20718 | D:12     | Noticed Nessos
 20730 | D:12     | Killed Nessos
 20731 | D:12     | Reached skill level 5 in Invocations
 20881 | D:12     | Reached skill level 5 in Shields
 21172 | D:12     | Identified the +6 hand axe of Quonaim {vorpal, rElec Int+4}
 21260 | Orc:1    | Entered Level 1 of the Orcish Mines
 21265 | Orc:1    | Reached XP level 16. HP: 115/127 MP: 0/0
 21270 | Orc:1    | Reached skill level 5 in Armour
 21647 | Orc:1    | Found Dastrah's Antique Weapon Boutique.
 21684 | Orc:2    | Entered Level 2 of the Orcish Mines
 21785 | Orc:2    | Found a staircase to the Elven Halls.
 21848 | Orc:2    | Found Beth's General Store.
 21957 | Orc:2    | Found Togit's Magic Scroll Emporium.
 21971 | Orc:2    | Bought a scroll of teleportation for 42 gold pieces
 21971 | Orc:2    | Bought a scroll of magic mapping for 49 gold pieces
 21971 | Orc:2    | Bought a scroll of blinking for 105 gold pieces
 21971 | Orc:2    | Bought a scroll of teleportation for 42 gold pieces
 21971 | Orc:2    | Bought a scroll of identify for 28 gold pieces
 22123 | Orc:2    | Found Taboereff's CLEARANCE SALE!.
 22129 | Orc:2    | Bought a scroll of vulnerability for 30 gold pieces
 22405 | Orc:2    | Gained mutation: You possess an exceptional clarity of
                  | mind. [a neqoxec]
 22508 | Orc:2    | Reached skill level 16 in Fighting
 22624 | Orc:2    | Found Ehauk's Jewellery Boutique.
 22624 | Orc:2    | Found Agiem's Antique Weapon Shop.
 22625 | Orc:2    | Found a one-way gate leading to the halls of Pandemonium.
 22627 | Orc:2    | Bought the ring of Lesser Demons {rF+ rC+ MP+9 EV+4 SInv}
                  | for 1201 gold pieces
 22953 | Orc:1    | Identified the +0 chain mail "Itog" {rPois rF+++ rC+ Will-}
 23066 | Orc:1    | Cast into level 3 of the Abyss (orc warlord)
 23132 | Abyss:3  | Found a corrupted altar of Lugonu.
 23212 | Abyss:3  | Noticed a bone dragon
 23214 | Abyss:3  | Noticed a tentacled starspawn
 23439 | Abyss:3  | Noticed a daeva
 23511 | Orc:1    | Escaped the Abyss
 24517 | D:14     | Reached XP level 17. HP: 134/134 MP: 0/0
 24517 | D:14     | Learned a level 6 spell: Iron Shot
 24657 | D:14     | Found a gate to the Vaults.
 24740 | D:14     | Found a flickering gateway to a bazaar.
 24790 | Bazaar   | Entered a bazaar
 24790 | Bazaar   | Found Sirorch's Antique Weapon Shop.
 24790 | Bazaar   | Found Zuniam's Antique Armour Shop.
 24815 | Bazaar   | Found Peesk's General Store.
 24823 | Bazaar   | Bought a potion of curing for 48 gold pieces
 24823 | Bazaar   | Bought a scroll of enchant armour for 120 gold pieces
 25078 | D:14     | Found a runed translucent gate.
 25081 | D:14     | Found a runed translucent gate.
 25081 | D:14     | Found a runed translucent gate.
 25083 | D:14     | Noticed PRIMUS's ghost (journeyman HOFi)
 25436 | D:14     | Killed PRIMUS's ghost
 25523 | D:15     | Entered Level 15 of the Dungeon
 25632 | D:15     | Acquired 961 gold pieces
 25634 | D:15     | Acquired a manual of Armour
 25751 | D:15     | Found a runed translucent gate.
 25751 | D:15     | Found a runed translucent gate.
 25751 | D:15     | Found a runed translucent gate.
 25754 | D:15     | Noticed Huipt's ghost (journeyman DEFE)
 25867 | D:15     | Found a shadowy altar of Dithmenos.
 26198 | D:15     | Found a staircase to the Depths.
 26572 | Shoals:1 | Entered Level 1 of the Shoals
 26800 | Shoals:1 | Noticed Mlioglotl
 26815 | Shoals:1 | Noticed a bone dragon
 26820 | Shoals:1 | Noticed a lich
 26828 | Shoals:1 | Gained mutation: You are dopey. (Int -2) [a neqoxec]
 26956 | Spider:1 | Entered Level 1 of the Spider Nest
 27210 | Spider:1 | Reached skill level 17 in Fighting
 27742 | Spider:2 | Noticed Azrael
 27748 | Spider:2 | Killed Azrael
 27749 | Spider:2 | Reached XP level 18. HP: 98/142 MP: 0/0
 27750 | Spider:2 | Reached skill level 10 in Dodging
 27759 | Spider:2 | Noticed Jorgrun
 27769 | Spider:2 | Killed Jorgrun
 27946 | Spider:2 | Identified the +1 leather armour of Ethereal the Leaf {rC+}
 28123 | Spider:2 | Reached skill level 10 in Armour
 28999 | Shoals:1 | Demolished by an alligator snapping turtle

Illustrated notes

Levels and vault maps discovered:
D:1:      ebering_trefoil_twist, layout_loops_ring,
          shapermc_ecumenical_altar_starsandcircs, st_stairs_8
D:2:      layout_rooms, basic_altar, uniq_natasha, uniq_robin
D:3:      layout_loops_ring, minmay_misc_feat_encased
D:4:      layout_loops_ring, minivault_14, dreamdust_princess_bridge,
          uniq_blork_the_orc, uniq_pargi, uniq_crazy_yiuf_cottage
D:5:      layout_basic, uniq_sigmund, uniq_ijyb
D:6:      layout_basic, minmay_temple_entry_wispy, minmay_statues_item,
          minivault_11, minmay_ogre_servants
D:7:      layout_basic
D:8:      layout_cave_pools, gammafunk_ghost_necromancy
D:9:      layout_small_grid, serial_shops,
          nicolae_shop_competitors_out_of_business, uniq_amaemon, uniq_pikel
D:10:     layout_roguey, chequers_temple_overflow_minitemple, serial_shops,
          shop, minmay_statue_crystal_thing, uniq_nergalle, uniq_grum
D:11:     layout_loops_ring, david_lair_generic, erik_orc_3, uniq_harold,
          uniq_erica
D:12:     layout_loops_ring, minmay_fractal_squares_diagonal_5, uniq_nessos,
          uniq_kirke, uniq_fannar
D:13:     layout_cave_pools
D:14:     layout_cross, hangedman_vaults_entry_quadrant_bands,
          roderic_roman_lattice, ebering_ghost_rock_garden, serial_shops,
          bzr_entry_islet
D:15:     grunt_enter_depths_hoard, layout_long_grid,
          maelrawn_ghost_gauntlet_escape, fountainhead,
          grunt_decor_mini_mirrors, serial_park_tiny_pond,
          nicolae_dithmenos_through_a_glass_darkly
Temple:   mainiacjoe_temple_bowtie_tessellation
Lair:1:   layout_roguey, basic_altar
Lair:2:   layout_loops_ring, basic_altar, enter_volcano_4
Lair:3:   layout_gridlike, elwin_shoals_entry_rooms, fungi_pond_lemuel,
          cheibrodos_lair_reptile_den
Lair:4:   dreamdust_isle_of_ice, layout_long_grid,
          hellmonk_spider_entry_not_the_bees
Lair:5:   layout_regular_city, minmay_slime_entry_pillars,
          portal_ice_cave_entry_ice_simulacra, grunt_forest_large_clearings,
          uniq_snorg
Lair:6:   grunt_lair_end_beastmaster, layout_long_grid, guppyfry_lair_drakes
Shoals:1: layout_shoals, serial_shops, nicolae_shop_waterfront,
          nicolae_diamond_shop, nicolae_shop_overgrown_old_shop,
          lemuel_oklob_altar, uniq_mlioglotl
Spider:1: nicolae_spider_hilbert_zone_5 [nicolae_spider_hilbert_3_sides_1_open,
          nicolae_spider_hilbert_4_sides_1_open,
          nicolae_spider_hilbert_4_sides_1_open,
          nicolae_spider_hilbert_6_sides_1_open,
          nicolae_spider_hilbert_6_sides_1_open]
Spider:2: lemuel_spider_zombies, uniq_azrael, uniq_jorgrun
Spider:3: layout_spider_delve, beargit_elvish_explorers,
          hangedman_spider_tarantella_strand, uniq_donald
Orc:1:    layout_caves, serial_shops, shop_fountains, elf_legates
Orc:2:    pf_orc_diabolical, layout_caves, nicolae_shop_clearance

Skill      XL: |  1  2  3  4  5  6  7  8  9 10 11 12 13 14 15 16 17 18 |
---------------+-------------------------------------------------------+-----
Fighting       | 1 2 4 5 7 9 11 12 14 15 16 17 | 17.4
Spellcasting   | 3 4 5 6 7 9 10 11 13 15 16 | 16.4
Invocations    | 2 5 7 8 9 |  9.4
Armour         | 2 4 7 9 10 | 10.0
Shields        | 2 5 |  5.0
Dodging        | 3 6 8 9 10 | 10.6
Stealth        | |  1.5

Action                   |  1- 3 |  4- 6 |  7- 9 | 10-12 | 13-15 | 16-18 || total
-------------------------+-------+-------+-------+-------+-------+-------++-------
Melee: Dagger            |     2 |       |       |       |       |       ||     2
       Spear             |       |       |     4 |       |       |       ||     4
       Punch             |       |       |     1 |       |       |       ||     1
       Demon whip        |       |       |       |     3 |       |       ||     3
       Long sword        |       |       |       |       |   223 |       ||   223
       Hand axe          |       |       |       |       |       |    92 ||    92
Throw: Dart              |       |       |       |     8 |       |       ||     8
 Cast: Magic Dart        |    52 |    53 |   190 |   202 |    51 |       ||   548
       Sandblast         |    22 |     3 |       |       |       |       ||    25
       Searing Ray       |       |    11 |    38 |   111 |    17 |     1 ||   178
       Mephitic Cloud    |       |     4 |    41 |    69 |    55 |    65 ||   234
       Blink             |       |       |     6 |    10 |    11 |    22 ||    49
       Call Imp          |       |       |    11 |    30 |    13 |       ||    54
       Slow              |       |       |     2 |     3 |       |       ||     5
       Cause Fear        |       |       |     9 |    11 |     8 |    14 ||    42
       Conjure Flame     |       |       |     1 |    27 |     6 |       ||    34
       Animate Armour    |       |       |       |    28 |    95 |    18 ||   141
       Lightning Bolt    |       |       |       |       |   274 |   407 ||   681
       Death Channel     |       |       |       |       |    15 |    37 ||    52
       Iron Shot         |       |       |       |       |       |    10 ||    10
Invok: Minor Destruction |       |       |       |       |    10 |    28 ||    38
  Use: Scroll            |       |       |     9 |     3 |    10 |    12 ||    34
       Potion            |       |       |       |       |     1 |       ||     1
 Stab: Confused          |       |       |       |       |    16 |       ||    16
       Distracted        |       |       |       |       |     1 |     1 ||     2
Armor: Robe              |     4 |     8 |     9 |    40 |       |       ||    61
       Acid dragon scale |       |       |       |     3 |    64 |       ||    67
       Leather armour    |       |       |       |       |    59 |    87 ||   146
Dodge: Dodged            |     9 |    28 |    29 |    90 |   234 |   248 ||   638
Block: Buckler           |       |       |       |       |    77 |    81 ||   158

Table legend: (Time is in decaauts)
 A = Elapsed time spent in this place.
 B = Non-inter-level travel time spent in this place.
 C = Inter-level travel time spent in this place.
 D = Time resting spent in this place.
 E = Time spent auto-exploring this place.
 F = Levels seen in this place.
 G = Mean time per level.
                   A        B        C        D        E       F      G
               +--------+--------+--------+--------+--------+-----+--------+
         Total |  29162 |  27055 |   2107 |   1648 |  17410 |  33 |  883.7 |
       Dungeon |  15913 |  14668 |   1245 |    852 |   9872 |  15 | 1060.9 |
        Temple |    102 |    102 |      0 |      0 |     58 |   1 |  102.0 |
          Lair |   7286 |   6607 |    679 |    398 |   4396 |   6 | 1214.3 |
        Shoals |    378 |    378 |      0 |     20 |    128 |   1 |  378.0 |
   Spider Nest |   1857 |   1717 |    140 |    173 |   1128 |   3 |  619.0 |
  Orcish Mines |   1919 |   1878 |     41 |     53 |   1106 |   2 |  959.5 |
         Abyss |    457 |    457 |      0 |     14 |    105 |   2 |  228.5 |
        Bazaar |     53 |     53 |      0 |      0 |     49 |   1 |   53.0 |
      Ice Cave |    879 |    879 |      0 |    138 |    384 |   1 |  879.0 |
       Volcano |    313 |    313 |      0 |      0 |    184 |   1 |  313.0 |
               +--------+--------+--------+--------+--------+-----+--------+

Top non-repeatable levels by time:
    D:11: 1800 daAuts
     D:1: 1584 daAuts
    D:10: 1477 daAuts
  Lair:3: 1445 daAuts
  Lair:6: 1440 daAuts
    D:12: 1419 daAuts
   Orc:2: 1242 daAuts
  Lair:4: 1203 daAuts
     D:9: 1138 daAuts
     D:7: 1091 daAuts
  Lair:1: 1072 daAuts
  Lair:5: 1066 daAuts
    D:14: 1065 daAuts
  Lair:2: 1057 daAuts
     D:8: 1024 daAuts
